 Dungeon Crawl Stone Soup version 0.23.2 (webtiles) character file.

Game seed: 6164074605539668716

1841 Lusmu the Chiller (level 9, -2/57 HPs)
             Began as a Merfolk Ice Elementalist on Apr 7, 2019.
             Was an Initiate of Makhleb.
             Slain by a two-headed ogre
             ... wielding a cursed +0 giant spiked club
              (11 damage)
             ... on level 8 of the Dungeon.
             The game lasted 00:42:38 (9901 turns).

Lusmu the Chiller (Merfolk Ice Elementalist)        Turns: 9901, Time: 00:42:38

Health: -2/57      AC:  7    Str:  9    XL:     9   Next: 12%
Magic:  2/15       EV: 13    Int: 16    God:    Makhleb [......]
Gold:   515        SH:  0    Dex: 20    Spells: 4/16 levels left

rFire    . . .     SeeInvis .   L - staff of conjuration
rCold    . . .     Gourm    .   (no shield)
rNeg     . . .     Faith    .   i - +0 leather armour (curse)
rPois    +         Spirit   .   y - +0 helmet
rElec    .         Reflect  .   m - +0 cloak
rCorr    +         Harm     .   n - +0 pair of gloves {Dex+3}
MR       .....                  B - +0 pair of boots
Stlth    ++++......             v - amulet of magic regeneration
HPRegen  0.19/turn              j - ring of resist corrosion
MPRegen  0.39/turn              (no ring)

@: no status effects
A: change form in water, swift swim, stealthy swim, agile 1, poison resistance,
MP-powered wands
a: Renounce Religion


You were on level 8 of the Dungeon.
You worshipped Makhleb.
Makhleb was noncommittal.
You were hungry.

You visited 2 branches of the dungeon, and saw 9 of its levels.

You collected 515 gold pieces.

Inventory:

Hand Weapons
 h - a +0 short sword
 r - a +1 flail of protection
 u - a +0 flail of holy wrath
 P - a +2 dagger of venom
Missiles
 b - 8 javelins
 q - 8 tomahawks (quivered)
 t - 24 poisoned needles
 D - 3 needles of paralysis
 K - a throwing net
Armour
 i - a cursed +0 leather armour (worn)
 m - a +0 cloak (worn)
 n - a +0 pair of gloves of dexterity (worn)
 y - a +0 helmet (worn)
 A - a +0 buckler
 B - a +0 pair of boots (worn)
Magical Staves
 G - an uncursed staff of poison
 J - an uncursed staff of energy
 L - an uncursed staff of conjuration (weapon)
Jewellery
 j - a ring of resist corrosion (left hand)
 v - an amulet of magic regeneration (around neck)
 C - a +2 amulet of reflection
Wands
 p - a wand of enslavement (20)
 N - a wand of flame (14)
 O - a wand of iceblast (8)
Scrolls
 d - 3 scrolls of remove curse
 e - 3 scrolls of teleportation
 f - 2 scrolls of amnesia
 k - a scroll of enchant armour {unknown}
 o - 2 scrolls of immolation
 s - a scroll of magic mapping {unknown}
 x - 2 scrolls of enchant weapon
 I - a scroll of brand weapon {unknown}
 M - 2 scrolls of identify
Potions
 a - 3 potions of curing
 g - a potion of mutation
 l - a potion of ambrosia
 w - a potion of magic
 z - a potion of might
 E - a potion of resistance
 F - a potion of brilliance
 H - a potion of lignification {unknown}
Comestibles
 c - 10 rations


   Skills:
 - Level 2.6 Dodging
 + Level 6.7 Stealth
 - Level 4.0 Spellcasting
 + Level 3.4 Conjurations
 + Level 3.9 Hexes
 + Level 4.4 Summonings
 - Level 7.0 Ice Magic


You had 4 spell levels left.
You knew the following spells:

 Your Spells              Type           Power        Failure   Level  Hunger
a - Freeze                Ice            ####         1%          1    None
b - Summon Ice Beast      Ice/Summ       ###.....     22%         4    ####...
c - Throw Icicle          Conj/Ice       ####....     28%         4    ####...
d - Confuse               Hex            ###.....     14%         3    ###....

Your spell library contained the following spells:

 Spells                   Type           Power        Failure   Level  Hunger
 Confusing Touch          Hex            ###...       4%          1    None
 Throw Frost              Conj/Ice       ####..       4%          2    ##.....
 Sting                    Conj/Pois      ##..         12%         1    None
 Ozocubu's Armour         Chrm/Ice       ##......     17%         3    ###....
 Poisonous Vapours        Pois/Air       #.....       34%         2    ##.....
 Mephitic Cloud           Conj/Pois/Air  ##......     41%         3    ###....
 Gell's Gravitas          Tloc           #.........   56%         3    ###....
 Olgreb's Toxic Radiance  Pois           #.......     93%         4    ####...
 Petrify                  Tmut/Erth      #.......     93%         4    ####...
 Metabolic Englaciation   Hex/Ice        ###.......   56%         5    ######.
 Yara's Violent Unravell  Hex/Tmut       #.........   96%         5    ######.
 Venom Bolt               Conj/Pois      ##........   97%         5    ######.


Dungeon Overview and Level Annotations

Branches:
Dungeon (8/15)             Temple (1/1) D:7
   Lair: D:8-11

Altars:
Ashenzari
Cheibriados
Dithmenos
Elyvilon
Fedhas
Gozag
Hepliaklqana
Kikubaaqudgha
Makhleb
Nemelex Xobeh
Okawaru
Ru
Sif Muna
Uskayaw
Vehumet
Yredelemnul
The Shining One

Shops:
D:5 :   D:8 =

Annotations:
D:4 2 transporters, Grinder; H0rd4k's ghost, amateur HuAr


Innate Abilities, Weirdness & Mutations

You revert to your normal form in water You are very nimble and swift while swimming.
You are very stealthy in the water. (Stealth+)
You are agile. (Dex +2)
Your system is resistant to poisons. (rPois)
You expend magic power (3 MP) to strengthen your wands.


Message History

Aim: a two-headed ogre, wielding a +0 giant spiked club and a +0 giant club (severely wounded, confused)
You freeze the two-headed ogre.
The two-headed ogre is severely wounded.
The two-headed ogre hits you but does no damage.
The two-headed ogre hits you with a +0 giant club!
Your ice beast completely misses the two-headed ogre.
Casting: Freeze (safe; 1% risk of failure)
Confirm with . or Enter, or press ? or * to list all spells.
Aiming: Freeze (safe; 1% risk of failure)
Press: ? - help, Shift-Dir - straight line, f/p - two-headed ogre
Aim: a two-headed ogre, wielding a +0 giant spiked club and a +0 giant club (severely wounded, confused)
You freeze the two-headed ogre.
The two-headed ogre is severely wounded.
The two-headed ogre seems less confused.
Your ice beast hits the two-headed ogre.
Your ice beast freezes the two-headed ogre!
The two-headed ogre hits you with a cursed +0 giant spiked club!
* * * LOW HITPOINT WARNING * * *
The two-headed ogre hits you with a +0 giant club!
You die...

#.#.# ####.# #.# ...
#.#.######.####.# ...
#.#.##.......##.# o.
#.#.#...##.#.##.# ##h#
... #.#.#..<##.#.##(#
#..# #.#
#......)...#.##.## #∩.#
#.#
###.......)....>(######.#
#.#
#........#.##.....))..#
#.#
#......Y@#.##.#######.#
##.########.....O..##.#
#.#
............#####..##.#
#.# ............# #..##.#
#.# ##.#######..# #..##.#
#.# ##.# ###..# #..##.#
#.# ...#
#....#####..##.### #.#
#### ..........###...#
#.##.##..### ###.#


You could see a two-headed ogre and a friendly ice beast.

Vanquished Creatures
  Prince Ribbit (D:6)
  2 black bears (D:6)
  A centaur (D:7)
  A crocodile (D:7)
  2 bullfrogs (D:7)
  A howler monkey (D:5)
  A quasit (D:7)
  2 jellies
  2 hounds (D:6)
  An orc wizard (D:7)
  2 bullfrog skeletons
  2 orc priests
  Crazy Yiuf (D:2)
  A gnoll shaman (D:7)
  3 iguanas
  A centaur skeleton (D:6)
  5 worker ants
  2 killer bee zombies
  A worker ant zombie (D:5)
  9 adders
  4 gnolls (D:7)
  A howler monkey skeleton (D:4)
  2 shadow imps
  An ooze (D:3)
  An adder zombie (D:6)
  6 worms
  3 dart slugs (D:1)
  4 leopard geckos
  22 orcs
  9 bats
  4 giant cockroaches
  6 goblins
  7 hobgoblins
  2 jackals (D:3)
  7 kobolds
  5 quokkas
  A ball python (D:3)
  5 frilled lizards
  A leopard gecko zombie (D:8)
  A quokka skeleton (D:6)
  13 rats
  A bush (D:1)
147 creatures vanquished.

Vanquished Creatures (collateral kills)
  An ice beast (D:7)
  A sky beast (D:7)
  An ogre (D:7)
  3 crimson imps
  An orc priest (D:7)
  An iguana (D:7)
  2 worker ants
  A worker ant zombie (D:5)
  4 gnolls (D:8)
  A shadow imp (D:8)
  A leopard gecko (D:5)
  A giant cockroach (D:5)
  3 jackals (D:4)
  A quokka (D:5)
22 creatures vanquished.

Vanquished Creatures (others)
  A worker ant zombie (D:5)
1 creature vanquished.

Grand Total: 170 creatures vanquished

Notes
Turn   | Place    | Note
-------+----------+-------------------------------------------
     0 | D:1      | Lusmu the Merfolk Ice Elementalist began the quest for the
                  | Orb.
     0 | D:1      | Reached XP level 1. HP: 13/13 MP: 3/3
   274 | D:1      | Reached XP level 2. HP: 19/19 MP: 3/5
   808 | D:1      | Reached XP level 3. HP: 15/24 MP: 0/6
  1603 | D:2      | Found a glowing golden altar of the Shining One.
  1745 | D:2      | Found a snail-covered altar of Cheibriados.
  1791 | D:2      | Reached skill level 4 in Ice Magic
  2139 | D:2      | Reached XP level 4. HP: 19/30 MP: 3/8
  2394 | D:2      | Found a runed translucent door.
  2395 | D:2      | Noticed Crazy Yiuf
  2406 | D:2      | Killed Crazy Yiuf
  2466 | D:2      | Learned a level 4 spell: Summon Ice Beast
  2701 | D:3      | Reached XP level 5. HP: 23/35 MP: 5/9
  3274 | D:3      | Gained mutation: You are agile. (Dex +2) [potion of
                  | mutation]
  3274 | D:3      | Gained mutation: You expend magic power (3 MP) to
                  | strengthen your wands. [potion of mutation]
  3274 | D:3      | Gained mutation: Your system is resistant to poisons.
                  | (rPois) [potion of mutation]
  3383 | D:4      | Reached skill level 1 in Summonings
  3789 | D:4      | Found a transporter.
  3789 | D:4      | Noticed H0rd4k's ghost (amateur HuAr)
  3921 | D:4      | Found a transporter.
  3931 | D:4      | Reached XP level 6. HP: 39/41 MP: 8/11
  4140 | D:4      | You fall through a shaft for 3 floors!
  4181 | D:7      | Noticed a sky beast
  4191 | D:6      | Noticed Prince Ribbit
  4272 | D:5      | Entered Level 5 of the Dungeon
  4577 | D:5      | Reached skill level 5 in Ice Magic
  4918 | D:5      | Learned a level 4 spell: Throw Icicle
  4922 | D:5      | Learned a level 3 spell: Confuse
  4950 | D:5      | Found Wuukk's Book Emporium.
  5099 | D:4      | Noticed Grinder
  5109 | D:4      | Paralysed by Grinder for 7 turns
  5192 | D:5      | Reached skill level 1 in Conjurations
  5651 | D:6      | Killed Prince Ribbit
  5651 | D:6      | Reached skill level 1 in Hexes
  5651 | D:6      | Reached XP level 7. HP: 43/46 MP: 5/13
  5818 | D:6      | Reached skill level 5 in Stealth
  6636 | D:6      | Reached XP level 8. HP: 41/52 MP: 10/14
  6770 | D:7      | Reached skill level 6 in Ice Magic
  8584 | D:7      | Found a staircase to the Ecumenical Temple.
  8620 | Temple   | Entered the Ecumenical Temple
  8651 | Temple   | Became a worshipper of Makhleb the Destroyer
  8763 | D:7      | Reached XP level 9. HP: 12/57 MP: 8/15
  9158 | D:8      | Found a burning altar of Makhleb.
  9427 | D:8      | Reached skill level 7 in Ice Magic
  9567 | D:8      | Noticed a two-headed ogre
  9817 | D:8      | Found Moawkeod's Jewellery Shoppe.
  9901 | D:8      | Slain by a two-headed ogre

Skill      XL: |  1  2  3  4  5  6  7  8  9 |
---------------+----------------------------+-----
Stealth        | 3 4 5 6 |  6.7
Ice Magic      | 4 5 6 7 |  7.0
Spellcasting   | 3 4 |  4.0
Summonings     | 1 2 3 4 |  4.4
Conjurations   | 1 2 3 |  3.4
Hexes          | 1 2 3 |  3.9
Dodging        | |  2.6

Action                   |  1- 3 |  4- 6 |  7- 9 || total
-------------------------+-------+-------+-------++-------
Melee: Unarmed           |    44 |       |       ||    44
       Short sword       |   431 |   213 |    47 ||   691
       Flail             |       |       |   114 ||   114
       Staff             |       |       |   117 ||   117
Throw: Tomahawk          |       |     6 |       ||     6
 Cast: Freeze            |    17 |    70 |    65 ||   152
       Summon Ice Beast  |       |     4 |    11 ||    15
       Throw Icicle      |       |       |     9 ||     9
       Confuse           |       |       |     1 ||     1
Evoke: Wand              |       |     2 |       ||     2
  Use: Scroll            |       |    10 |    10 ||    20
       Potion            |       |     3 |     2 ||     5
 Stab: Sleeping          |     7 |     9 |     5 ||    21
       Distracted        |       |     1 |     1 ||     2
  Eat: Chunk             |     2 |    11 |    17 ||    30
       Ration            |     1 |       |     1 ||     2
Armor: Robe              |    32 |    99 |    74 ||   205
       Leather armour    |       |       |    43 ||    43
Dodge: Dodged            |   139 |   240 |   298 ||   677
